 Dungeon Crawl Stone Soup version 0.29.1-12-g30fa7ad0bf (webtiles) character file.

Game seed: 5186923097392064690

441 wormed the Magician (level 7, -1/51 HPs)
             Began as a Djinni Fire Elementalist on Dec 24, 2022.
             Slain by an iguana (9 damage)
             ... on level 5 of the Dungeon.
             The game lasted 00:13:27 (6374 turns).

wormed the Magician (Djinni Fire Elementalist)      Turns: 6374, Time: 00:13:29

Health: -1/51      AC:  6    Str: 13    XL:     7   Next: 22%
Gold:   129        EV: 12    Int: 19    God:
                   SH:  0    Dex: 13

rFire   + + +      SeeInvis .   o - +1 short sword "Ymmougy" {drain, rF+ Str+6}
rCold   . . .      Faith    .   (no shield)
rNeg    . . .      Spirit   .   s - +3 leather armour {rC+}
rPois   ∞          Reflect  .   (no helmet)
rElec   .          Harm     .   r - scarf {shadows}
rCorr   .          Rampage  .   (no gloves)
Will    .....                   (boots unavailable)
Stlth   ++........              (no amulet)
HPRegen 0.17/turn               (no ring)
MPRegen 0.00/turn               (no ring)

@: flying
A: sickness immunity, fire resistance 2, cold vulnerability 1, float, innate
caster, HP casting, extra vitality 1
a: no special abilities


You were on level 5 of the Dungeon.
You visited 1 branch of the dungeon, and saw 5 of its levels.

You collected 129 gold pieces.

Inventory:

Hand Weapons
 c - a +0 dagger
 i - a +0 whip of electrocution
 o - the +1 short sword "Ymmougy" (weapon) {drain, rF+ Str+6}
   (You found it on level 2 of the Dungeon)

   A truly terrible weapon, it drains the life of any living foe it strikes.
   Str:       It affects your strength (+6).
   rF:        It protects you from fire.
Missiles
 f - 8 poisoned darts
Armour
 r - a scarf of shadows (worn)
 s - a +3 leather armour of cold resistance (worn)
Scrolls
 a - 2 scrolls of teleportation
 d - 2 scrolls of enchant weapon {unknown}
 j - 2 scrolls of blinking {unknown}
 m - a scroll of fear {unknown}
 q - a scroll of poison {unknown}
 t - a scroll of torment {unknown}
 u - a scroll of amnesia {unknown}
Potions
 e - 2 potions of haste
 h - a potion of magic
 k - a potion of flight
 l - a potion of brilliance
 n - a potion of attraction
 p - 4 potions of curing


   Skills:
 * Level 3.7 Fighting
 + Level 3.1 Armour
 + Level 3.1 Dodging
 - Level 2.0 Stealth
 * Level 3.8 Spellcasting


You couldn't memorise any spells.
You knew the following spells:

 Your Spells              Type           Power      Damage    Failure   Level
a - Foxfire               Conj/Fire      72%        2x1d7     3%          1
b - Scorch                Fire           36%        2d7       5%          2
c - Conjure Flame         Conj/Fire      18%        6-21      11%         3
d - Inner Flame           Hex/Fire       18%        N/A       11%         3
e - Flame Wave            Conj/Fire      18%        2d7       36%         4
f - Shock                 Conj/Air       72%        1d7       3%          1
g - Static Discharge      Conj/Air       18%        3-6/arc   5%          2
h - Tukima's Dance        Hex            18%        N/A       11%         3
Your spell library was empty.

Dungeon Overview and Level Annotations

Branches:
Dungeon (5/15)
 Temple: D:4-7

Altars:
Wu Jian

Shops:
D:3 [


Innate Abilities, Weirdness & Mutations

You are immune to sickness and miasma.
You are immune to poison.
Your flesh is very heat resistant. (rF++)
You are vulnerable to cold. (rC-)
You float through the air rather than walking.
You learn spells naturally, not from books.
Your magical power is your life essence.
You have superior vitality. (+4 MHP)


Message History

Confirm with . or Enter, or press ? or * to list all spells.
Flames lash the hound.
The hound is burned terribly!
You kill the hound!
The ufetubus completely misses you. The ufetubus hits you.
Casting: Scorch (safe; 5% risk of failure)
Confirm with . or Enter, or press ? or * to list all spells.
Flames lash the ufetubus.
The ufetubus is burned terribly!
The ufetubus is severely wounded.
The ufetubus's fire resistance burns away.
The ufetubus barely misses you. The ufetubus closely misses you.
Unknown command.
Casting: Scorch (safe; 5% risk of failure)
Confirm with . or Enter, or press ? or * to list all spells.
Flames lash the ufetubus.
The ufetubus is burned terribly!
You kill the ufetubus!
Casting: Scorch (safe; 5% risk of failure)
Confirm with . or Enter, or press ? or * to list all spells.
Flames lash the iguana.
The iguana is lightly wounded.
The iguana's fire resistance burns away.
The iguana bites you!
Casting: Scorch (safe; 5% risk of failure)
Confirm with . or Enter, or press ? or * to list all spells.
Flames lash the iguana.
The iguana is burned terribly!
The iguana is severely wounded.
The iguana bites you!
Casting: Scorch (safe; 5% risk of failure)
Confirm with . or Enter, or press ? or * to list all spells.
Flames lash the iguana.
The iguana is severely wounded.
The iguana bites you!
* * * LOW HITPOINT WARNING * * *
Unknown command.
Casting: Scorch (safe; 5% risk of failure)
Confirm with . or Enter, or press ? or * to list all spells.
Flames lash the iguana.
The iguana is burned terribly!
The iguana is almost dead.
* * * LOW HITPOINT WARNING * * *
The iguana bites you!
You die...

..##.## #.8..$#
#....$# # #..$.$ #
##.8. # ##l.## #
..#.@..## #
..........#######+.
#
....##.............
# ... ##.......###
# .# #.####..# ###
# #.# #..###.#####
#.# #..##.#..... ..
###....###)###
#........#.## #


You could see an iguana (combustible).

Vanquished Creatures
  Eustachio (D:4)
  A centaur (D:4)
  A hound (D:5)
  An iguana (D:5)
  An orc wizard (D:4)
  A gnoll (D:1)
  3 adders
  An ufetubus (D:5)
  9 orcs
  4 bats
  9 endoplasms
  A giant cockroach (D:2)
  11 goblins
  6 hobgoblins
  4 jackals (D:1)
  5 quokkas
  6 ball pythons
  2 frilled lizards
  7 kobolds
  5 rats
79 creatures vanquished.

Vanquished Creatures (others)
  105 foxfires
105 creatures vanquished.

Grand Total: 184 creatures vanquished

Notes
Turn   | Place    | Note
-------+----------+-------------------------------------------
     0 | D:1      | wormed the Djinni Fire Elementalist began the quest for the
                  | Orb.
     0 | D:1      | wormed set off with the following spells memorised:
                  | Foxfire, Scorch, Conjure Flame, Inner Flame, Flame Wave.
     0 | D:1      | Reached XP level 1. HP: 15/15 MP: 0/0
   367 | D:1      | Reached XP level 2. HP: 21/22 MP: 0/0
   866 | D:1      | Reached skill level 1 in Fighting
   866 | D:1      | Reached XP level 3. HP: 25/27 MP: 0/0
   866 | D:1      | Learned a level 1 spell: Shock
  2048 | D:2      | Reached XP level 4. HP: 19/32 MP: 0/0
  2330 | D:2      | Identified the +1 short sword "Ymmougy" {drain, rF+ Str+6}
  3369 | D:3      | Found a faded altar of an unknown god.
  3445 | D:3      | Reached skill level 1 in Armour
  3654 | D:3      | Found Emainitu's Armour Emporium.
  4071 | D:4      | Reached XP level 5. HP: 30/38 MP: 0/0
  4071 | D:4      | Learned a level 2 spell: Static Discharge
  4223 | D:4      | Noticed a centaur
  4651 | D:4      | Killed a centaur
  4652 | D:4      | Reached XP level 6. HP: 17/45 MP: 0/0
  4891 | D:4      | Noticed Eustachio
  4910 | D:4      | HP: 2/45 [ufetubus[Eustachio] (2)]
  5418 | D:4      | Killed Eustachio
  5659 | D:4      | Reached XP level 7. HP: 48/50 MP: 0/0
  5659 | D:4      | Learned a level 3 spell: Tukima's Dance
  6054 | D:5      | Entered Level 5 of the Dungeon
  6323 | D:5      | Found an ornate altar of the Wu Jian Council.
  6374 | D:5      | Slain by an iguana

Illustrated notes

Levels and vault maps discovered:
D:1:      dpeg_arrival_circle_labyrinth_c, layout_loops_ring,
          minmay_misc_feat_chi
D:2:      layout_loops_ring
D:3:      layout_rooms, chequers_ecumenical_altar_simple_redux, serial_shops,
          nicolae_shop_hallway_stairs, st_stairs_14
D:4:      layout_cave_pools, mainiacjoe_overflow_24_doors,
          minmay_goblin_kobold_house, uniq_eustachio
D:5:      layout_loops_ring, lemuel_doored_altar,
          nicolae_ru_great_annihilating_truth, jmf_multi_god_temple,
          nzn_wu_jian_council_hall

Skill      XL: |  1  2  3  4  5  6  7 |
---------------+----------------------+-----
Fighting       | 1 2 3 |  3.7
Stealth        | 2 |  2.0
Dodging        | 3 |  3.1
Armour         | 1 2 3 |  3.1
Spellcasting   | 3 |  3.8

Action                   |  1- 3 |  4- 6 |  7- 9 || total
-------------------------+-------+-------+-------++-------
Melee: Dagger            |    12 |       |       ||    12
       Whip              |    19 |     1 |       ||    20
       Short sword       |       |     5 |       ||     5
 Cast: Foxfire           |    39 |    21 |       ||    60
       Scorch            |     1 |    39 |    13 ||    53
       Shock             |       |    12 |     4 ||    16
       Static Discharge  |       |     6 |     3 ||     9
  Use: Potion            |       |     1 |       ||     1
       Scroll            |       |       |     6 ||     6
Armor: Robe              |    12 |       |       ||    12
       Leather armour    |     1 |    26 |     2 ||    29
Dodge: Dodged            |    31 |    59 |     6 ||    96
